cohdb
Replays
Latest Replays
All Replays
Popular Replays
Top Player Replays
Match Explorer
How It Works
Community
CoH3 Stats
Reddit
Sign in to upload your games and track your stats! →
Sign in with Steam
Match 44554014
Unlisted
Match 44554014
Overview
Messages
Build Orders
End
Construct Weapon Support Center
Engineer Squad
Selects Armored Battlegroup
Selects Veteran Crews
M1919 Machine Gun Team
M1919 Machine Gun Team
Sniper
Air Support Center
M3 Armored Personnel Carrier
Selects Fast Deploy
Construct Medical Station
Grasshopper Recon Run
Mortar Pit
M3 Armored Personnel Carrier
.30 cal Machine Gun
Bazooka Squad
Selects M31 Recovery Vehicle
Grasshopper Recon Run
Double Sortie
Double Sortie
M3 Armored Personnel Carrier
Mortar Pit
Engineer Squad
Forward Retreat Point
Bazooka Squad
Improved M9 Bazooka Rockets
.30 cal Machine Gun
Selects War Machine
P-47 Dive Bomb
Construct Tank Depot
Gwangju's Hero Chun Doo-gwang
Earthdog
Jonnies
Boop
Relief
Hirai Yuzuru
0
0
Comments
sign in to comment!
No comments posted yet!